 Dungeon Crawl Stone Soup version 0.20.1-1-g8b1a95d (webtiles) character file.

55 letownia2 the Grave Robber (level 3, 0/42 HPs)
             Began as a Deep Dwarf Necromancer on Dec 23, 2017.
             Killed from afar by an orc wizard (1 damage)
             ... with a magic dart
             ... on level 4 of the Dungeon.
             The game lasted 00:03:58 (1033 turns).

letownia2 the Grave Robber (Deep Dwarf Necromancer) Turns: 1033, Time: 00:03:59

Health: 0/42       AC:  6    Str: 16    XL:     3   Next: 67%
Magic:  6/6        EV: 11    Int: 16    God:
Gold:   57         SH:  0    Dex: 13    Spells: 6/7 levels left

rFire    . . .     SeeInvis .   a - +0 war axe
rCold    . . .     Gourm    .   (no shield)
rNeg     . . .     Faith    .   p - +0 ring mail
rPois    .         Spirit   .   (no helmet)
rElec    .         Reflect  .   (no cloak)
rCorr    .         Harm     .   g - +0 pair of gloves
MR       .....     Rnd*Tele +   (no boots)
Stlth    ..........             o - amulet of rage
Regen    0.0/turn               q - ring of teleportation (curse)
MPRegen  0.1/turn               (no ring)

@: confused, berserking, non-regenerating, very quick
A: damage resistance, heal wounds, sense surroundings 1, no regeneration
a: Heal Wounds, Evoke Berserk Rage


You were on level 4 of the Dungeon.
You were very hungry.

You visited 1 branch of the dungeon, and saw 4 of its levels.

You collected 57 gold pieces.

Inventory:

Hand Weapons
 a - a +0 war axe (weapon)
Armour
 g - a +0 pair of gloves (worn)
 n - a +0 leather armour
 p - a +0 ring mail (worn)
Jewellery
 o - an amulet of rage (around neck)
 q - a cursed ring of teleportation (left hand)
Wands
 r - a wand of confusion (29/48)
Scrolls
 d - 2 scrolls of teleportation {unknown}
 e - 4 scrolls of identify {unknown}
 i - a scroll of random uselessness {unknown}
 k - a scroll of magic mapping {unknown}
Potions
 f - 3 potions of curing {unknown}
 j - a potion of magic {unknown}
 l - a potion of ambrosia {unknown}
Books
 b - a book of Necromancy

   Spells                             Type                      Level
   a - Pain                           Necromancy                   1
   b - Animate Skeleton               Necromancy                   1
   c - Vampiric Draining              Necromancy                   3
   d - Regeneration                   Charms/Necromancy            3
   e - Animate Dead                   Necromancy                   4
   f - Control Undead                 Necromancy                   4
Comestibles
 c - a bread ration
 h - a royal jelly


   Skills:
 - Level 2.1 Dodging
 - Level 2.4 Stealth
 + Level 2.6 Spellcasting
 + Level 5.3 Necromancy


You had 6 spell levels left.
You knew the following spells:

 Your Spells              Type           Power        Failure   Level  Hunger
a - Pain                  Necr           ###.         4%          1    #......


Dungeon Overview and Level Annotations

Branches:
Dungeon (4/15)
 Temple: D:4-7

Altars:
Trog
Xom

Annotations:
D:3 Grinder


Innate Abilities, Weirdness & Mutations

You are resistant to damage.
You can heal yourself by infusing magical energy.
You passively map a small area around you.
You do not regenerate.


Message History

You fail to use your ability.
Something hits you but does no damage.
You fail to use your ability.
Something hits you but does no damage.
A red film seems to cover your vision as you go berserk!
You feel yourself moving faster!
You feel mighty!
You are feeling very hungry.
You hear some strange, mumbled words.
A puff of flame appears from out of thin air!
The puff of flame hits you!
* * * LOW HITPOINT WARNING * * *
You closely miss something. Something barely misses you.
You closely miss something. Something hits you but does no damage.
Your ring mail prevents you from hitting something.
Something hits you but does no damage.
You barely miss something.
You hear some strange, mumbled words.
You are confused.
You hear some strange, mumbled words.
A magic dart appears from out of thin air!
The magic dart hits you!
You die...

* * , , , * , ** , , ,,,...
..* * , #.. . .
#########.#.#.# , , * ,
,#.......#.#.#.* *
################.#.. . #.#
............# #@#.#.#.#.##
...#...#...#####{#.#.......
...............)S.<........
*
...#...#...#..##.#.##o..##o
..............##.........o.
############...............
, #...###..###.###. , ##.##
#..# .. #.# #..# , ##


You could see a ball python.

Vanquished Creatures
  A centaur zombie (D:4)
  An adder (D:2)
  A leopard gecko (D:3)
  An orc (D:4)
  A ball python (D:3)
  4 bats
  A giant cockroach (D:4)
  A goblin (D:4)
  A hobgoblin (D:2)
  A kobold (D:2)
  A frilled lizard (D:3)
  A rat (D:2)
15 creatures vanquished.

Notes
Turn   | Place    | Note
-------+----------+-------------------------------------------
     0 | D:1      | letownia2 the Deep Dwarf Necromancer began the quest for the Orb.
     0 | D:1      | Reached XP level 1. HP: 15/15 MP: 3/3
   286 | D:2      | Found a shimmering altar of Xom.
   319 | D:2      | Reached XP level 2. HP: 17/22 MP: 0/5
   723 | D:3      | Noticed Grinder
   913 | D:4      | Found a bloodstained altar of Trog.
   931 | D:4      | Reached skill level 5 in Necromancy
   931 | D:4      | Reached XP level 3. HP: 28/28 MP: 6/6
  1029 | D:4      | HP: 1/42 [something/puff of flame (5)]
  1033 | D:4      | Killed from afar by an orc wizard

Skill      XL: |  1  2 |
---------------+-------+-----
Spellcasting   | 2 |  2.6
Necromancy     | 5 |  5.3
Dodging        | |  2.1
Stealth        | |  2.4

Action                   || total
-------------------------++-------
Melee: War axe           ||    11
       Unarmed           ||     1
 Cast: Pain              ||    28
 Abil: Evoke Berserk Rag ||     2
  Eat: Chunk             ||     1
Armor: Robe              ||     3
       Ring mail         ||    20
Dodge: Dodged            ||    41
